 Dungeon Crawl Stone Soup version 0.29.0-4-gdea44cf6ec (webtiles) character file.

Game seed: 14095310375849192644

967 keekatzer the Ruffian (level 7, -1/74 HPs)
             Began as a Troll Transmuter on Aug 26, 2022.
             Slain by a vampire (4 damage)
             ... on level 5 of the Dungeon.
             The game lasted 00:16:37 (2399 turns).

keekatzer the Ruffian (Troll Transmuter)            Turns: 2399, Time: 00:16:37

Health: -1/74      AC:  5    Str: 25    XL:     7   Next: 93%
Magic:  5/9        EV: 10    Int:  9    God:
Gold:   251        SH:  0    Dex: 12    Spells: 3/12 levels left

rFire   x . .      SeeInvis .     - Unarmed
rCold   + + +      Faith    .   (shield currently unavailable)
rNeg    . . .      Spirit   .   (body armour currently unavailable)
rPois   +          Reflect  .   (helmet currently unavailable)
rElec   .          Harm     .   (cloak currently unavailable)
rCorr   .          Rampage  .   (gloves unavailable)
Will    .....      Clarity  +   (boots unavailable)
Stlth   +.........              (no amulet)
HPRegen 1.02/turn               r - ring of wizardry
MPRegen 0.11/turn               l - +6 ring of strength

@: ice-form, wereblooded
A: freezing attack, amphibious, boosted hp, large, unfitting armour, (claws 3),
regeneration 1, (shaggy fur 1), (tough skin 1), clarity, low MP 1, wild magic 1
a: End Transformation


You were on level 5 of the Dungeon.
You were a creature of crystalline ice.
You visited 1 branch of the dungeon, and saw 5 of its levels.
You also visited: Sewer.

You collected 251 gold pieces.

Inventory:

Hand Weapons
 n - a +4 flail
 p - a +2 war axe of venom
 C - a +0 executioner's axe
 F - a +0 giant club
Armour
 a - a +0 robe (melded)
 y - a scarf of shadows
Jewellery
 f - a ring of ice
 h - a ring of willpower
 k - a ring of willpower
 l - a +6 ring of strength (right front paw)
 o - a ring of ice
 r - a ring of wizardry (left front paw)
 s - a ring of flight
 G - a ring of willpower
Wands
 m - a wand of polymorph (8)
Scrolls
 d - a scroll of immolation {unknown}
 e - a scroll of fear {unknown}
 g - 5 scrolls of identify {unknown}
 i - a scroll of acquirement {unknown}
 q - 2 scrolls of enchant weapon {unknown}
 t - a scroll of noise {unknown}
 v - a scroll of brand weapon {unknown}
 D - a scroll of magic mapping {unknown}
 E - 2 scrolls of teleportation {unknown}
Potions
 b - 2 potions of lignification
 c - a potion of might {unknown}
 j - a potion of flight {unknown}
 u - a potion of resistance {unknown}
 w - 2 potions of attraction {unknown}
 x - 2 potions of curing {unknown}
 z - a potion of mutation
 A - a potion of magic {unknown}
 B - a potion of brilliance {unknown}
 H - a potion of invisibility {unknown}


   Skills:
 - Level 1.0 Fighting
 - Level 2.2 Dodging
 - Level 0.1 Stealth
 - Level 4.4 Unarmed Combat
 + Level 3.0 Spellcasting
 + Level 3.5 Transmutations
 * Level 3.7 Ice Magic


You had 3 spell levels left.
You knew the following spells:

 Your Spells              Type           Power      Damage    Failure   Level
a - Beastly Appendage     Tmut           20%        N/A       4%          1
b - Wereblood             Tmut           10%        N/A       6%          2
c - Passwall              Tmut/Erth      4%         N/A       12%         2
d - Ice Form              Ice/Tmut       10%        N/A       32%         4

Your spell library contained the following spells:

 Spells                   Type           Power      Damage    Failure   Level
 Sandblast                Erth           2%         2d4       16%         1
 Spider Form              Tmut/Pois      5%         N/A       22%         3
 Ignite Poison            Fire/Tmut/Pois 4%         N/A       28%         3
 Conjure Flame            Conj/Fire      1%         6-21      38%         3
 Stone Arrow              Conj/Erth      2%         3d7       38%         3
 Sticky Flame             Conj/Fire      1%         2d3       77%         4


Dungeon Overview and Level Annotations

Branches:
Dungeon (5/15)              Sewer (visited)
 Temple: D:4-7

Altars:

Shops:
D:2 [   D:4 *   D:5 :[


Innate Abilities, Weirdness & Mutations

You are a creature of crystalline ice.
You have a powerful freezing melee attack.
You are amphibious.
Your maximum health is increased.
Your armour is entirely melded.
You are incapable of wielding weapons or throwing items.
You are too large for most types of armour.
((You have claws for hands.))
Your natural rate of healing is unusually fast.
((You are covered in fur. (AC +1)))
((You have tough skin. (AC +1)))
You possess an exceptional clarity of mind.
Your magical capacity is low. (-10% MP)
Your spells are a little harder to cast, but a little more powerful.


Message History

Casting: Wereblood (safe; 4% risk of failure)
Confirm with . or Enter, or press ? or * to list all spells.
Okay, then.
Casting: Wereblood (safe; 4% risk of failure)
Confirm with . or Enter, or press ? or * to list all spells.
The spell is quite dangerous to miscast (26% risk of failure)!
Continue anyway?
Uppercase [Y]es or [N]o only, please.
The spell is quite dangerous to miscast (26% risk of failure)!
Continue anyway?
You turn into a creature of crystalline ice.
Your +0 robe melds into your body.
Casting: Ice Form (dangerous; 26% risk of failure)
Confirm with . or Enter, or press ? or * to list all spells.
Your blood is infused with primal strength.
The vampire mumbles some strange words.
The vampire flickers and vanishes!
Deactivating autopickup; reactivate with Ctrl-A.
You closely miss something. Something hits you. Something bites you!
Something draws strength from your injuries!
You barely miss something. Something hits you. Something completely misses you.
You hit something. Something hits you! Something bites you but does no damage.
You hit something. Something hits you! Something bites you!
Something draws strength from your injuries!
You punch something! You freeze something. Something hits you!
Something bites you.
Something draws strength from your injuries!
You barely miss something. You barely miss something. Something hits you!
* * * LOW HITPOINT WARNING * * *
Something bites you!
* * * LOW HITPOINT WARNING * * *
Something draws strength from your injuries!
Okay, then.
You hit something. Something hits you!
* * * LOW HITPOINT WARNING * * *
Something bites you but does no damage.
It was a potion of mutation.
You feel extremely strange.
You feel less in control of your magic.
You feel less energetic.
Your thoughts seem clearer.
Something hits you.
You die...

....##....#...
#.......#..§§§§.........
#............§§§§........
.............§§P.P.§....#
............§§§§§§P§§...#
##......[.....§P.§§...~..
.....#..#.....§§.§§..~~~~
#...{.....##.##§...~~.
#....Y.....# #...~~~~
##....#....# ##..P.~~.
###..#..∩.###.....~.P
###......####...##.
#.........##..##...
#...................
##..............####
##.............#
#.........(.#..#


There were no monsters in sight!

Vanquished Creatures
  A black bear (D:4)
  2 ogres (D:5)
  A phantom (D:5)
  2 bullfrogs (Sewer)
  A scorpion (D:4)
  A howler monkey (D:4)
  A centaur zombie (D:5)
  An orc priest (D:3)
  Terence (D:2)
  A scorpion zombie (D:5)
  An iguana (D:5)
  2 orc wizards (D:3)
  9 adders
  6 river rats (Sewer)
  A dart slug (D:2)
  12 orcs
  A bat (D:1)
  5 endoplasms
  3 giant cockroaches
  5 goblins
  5 hobgoblins
  5 jackals
  3 kobolds
  5 quokkas
  17 ball pythons
  8 frilled lizards
  23 rats
123 creatures vanquished.

Notes
Turn   | Place    | Note
-------+----------+-------------------------------------------
     0 | D:1      | keekatzer the Troll Transmuter began the quest for the Orb.
     0 | D:1      | Reached XP level 1. HP: 18/18 MP: 1/1
   202 | D:1      | Reached XP level 2. HP: 26/26 MP: 3/3
   205 | D:1      | Learned a level 2 spell: Wereblood
   529 | D:2      | Found Kithre Yckan's Armour Boutique.
   531 | D:2      | Noticed Terence
   542 | D:2      | Killed Terence
   543 | D:2      | Reached XP level 3. HP: 18/32 MP: 1/4
   630 | D:2      | Found a faded altar of an unknown god.
   880 | D:3      | Reached XP level 4. HP: 40/40 MP: 5/5
   936 | D:3      | Reached skill level 4 in Unarmed Combat
  1107 | D:3      | Reached XP level 5. HP: 40/46 MP: 2/6
  1110 | D:3      | Reached skill level 1 in Fighting
  1435 | D:4      | Reached skill level 1 in Ice Magic
  1462 | D:4      | Noticed a black bear
  1468 | D:4      | Killed a black bear
  1469 | D:4      | Reached XP level 6. HP: 55/55 MP: 6/8
  1490 | D:4      | Learned a level 2 spell: Passwall
  1546 | D:4      | Found a glowing drain.
  1551 | Sewer    | Entered a sewer
  1842 | Sewer    | Reached XP level 7. HP: 29/62 MP: 9/9
  1882 | D:4      | Learned a level 4 spell: Ice Form
  1980 | D:4      | Found Zyhorelu's CLEARANCE SALE!.
  2285 | D:5      | Entered Level 5 of the Dungeon
  2305 | D:5      | Found Fuerph's Antique Armour Shop.
  2374 | D:5      | Found Zaehutzuo's Book Shoppe.
  2384 | D:5      | Noticed a vampire
  2398 | D:5      | HP: 2/74 [something (7)]
  2399 | D:5      | Gained mutation: Your spells are a little harder to cast,
                  | but a little more powerful. [potion of mutation]
  2399 | D:5      | Gained mutation: Your magical capacity is low. (-10% MP)
                  | [potion of mutation]
  2399 | D:5      | Gained mutation: You possess an exceptional clarity of
                  | mind. [potion of mutation]
  2399 | D:5      | Slain by a vampire

Illustrated notes

Levels and vault maps discovered:
D:1:      amcnicky_arrival_abandoned_market, layout_basic,
          minmay_misc_feat_four_crosses
D:2:      layout_rooms, hellmonk_ecumenical_altar_lost_god, serial_shops,
          shop_statue, kennysheep_crisscross, uniq_terence
D:3:      layout_loops_cross
D:4:      layout_basic, portal_sewer_entry_e, minmay_misc_feat_iff,
          nicolae_shop_clearance
D:5:      layout_cave_pools, minmay_temple_entry_sparse_star, serial_undead,
          serial_undead_f, serial_undead_e, serial_undead_d, serial_undead_b,
          serial_undead_f, serial_shops, shop, shop, shop,
          hangedman_decor_peaks_small, kennysheep_generic_room_13

Skill      XL: |  1  2  3  4  5  6  7 |
---------------+----------------------+-----
Dodging        | 2 |  2.2
Transmutations | 2 3 |  3.5
Unarmed Combat | 4 |  4.4
Fighting       | 1 |  1.0
Spellcasting   | 2 3 |  3.0
Ice Magic      | 1 2 3 |  3.7
Stealth        | |  0.1

Action                   |  1- 3 |  4- 6 |  7- 9 || total
-------------------------+-------+-------+-------++-------
Melee: Unarmed           |    62 |   182 |    60 ||   304
       Headbutt          |     4 |     3 |     1 ||     8
       Punch             |     3 |     4 |       ||     7
       Kick              |     8 |    11 |     7 ||    26
 Cast: Beastly Appendage |     6 |    13 |     4 ||    23
       Wereblood         |     2 |     4 |     3 ||     9
       Ice Form          |       |       |     1 ||     1
  Use: Potion            |       |       |     1 ||     1
 Stab: Sleeping          |       |     1 |     2 ||     3
Armor: Robe              |    20 |    80 |    17 ||   117
       Skin              |       |       |     2 ||     2
Dodge: Dodged            |    25 |   127 |    33 ||   185
